 Dungeon Crawl Stone Soup version 0.30.1-4-g462c640d31 (webtiles) character file.

Game seed: 17506938184160789047

37 Arctor the Firebug (level 3, -5/19 HPs)
             Began as a Gargoyle Fire Elementalist on Aug 26, 2023.
             Slain by an orc
             ... wielding a +2 flail of protection
              (8 damage)
             ... on level 2 of the Dungeon.
             The game lasted 00:02:58 (1294 turns).

Arctor the Firebug (Gargoyle Fire Elementalist)     Turns: 1294, Time: 00:02:59

Health: -5/19      AC:  5    Str: 11    XL:     3   Next: 41%
Magic:  6/6        EV: 11    Int: 17    God:
Gold:   124        SH:  3    Dex: 10    Spells: 0/6 levels left

rFire   . . .        f - +0 dagger
rCold   . . .        h - +0 buckler
rNeg    + . .        a - +0 robe
rPois   ∞            (no helmet)
rElec   +            (no cloak)
rCorr   .            (no gloves)
SInv    .            (no boots)
Will    .....        n - amulet of magic regeneration
Stlth   ++           (no ring)
HPRegen 0.23/turn    (no ring)
MPRegen 0.50/turn

%: no passive effects
@: very slightly contaminated
A: sickness immunity, AC +3, negative energy resistance 1, electricity
resistance, torment resistance 1, petrification resistance
a: no special abilities


You were on level 2 of the Dungeon.
You visited 1 branch of the dungeon, and saw 2 of its levels.

You collected 124 gold pieces.

Inventory:

Hand Weapons
 f - a +0 dagger (weapon)
Missiles
 c - 4 silver boomerangs
Armour
 a - a +0 robe (worn)
 h - a +0 buckler (worn)
Jewellery
 n - an amulet of magic regeneration (around neck)
Scrolls
 g - 2 scrolls of torment
 l - a scroll of enchant weapon
 m - a scroll of teleportation {unknown}
Potions
 b - a potion of magic
 d - a potion of flight {unknown}
 e - a potion of ambrosia {unknown}
 i - a potion of curing {unknown}
 k - 2 potions of mutation {unknown}


   Skills:
 + Level 1.9 Dodging
 + Level 2.7 Stealth
 + Level 2.3 Spellcasting
 + Level 1.7 Conjurations
 + Level 0.0 Translocations
 + Level 3.3 Fire Magic


You couldn't memorise any spells.
You knew the following spells:

 Your Spells              Type           Power      Damage    Failure   Level
a - Foxfire               Conj/Fire      40%        2x1d6     10%         1
b - Scorch                Fire           26%        2d6       11%         2
c - Teleport Other        Tloc           2%         N/A       63%         3

Your spell library contained the following spells:

 Spells                   Type           Power      Damage    Failure   Level
 Lesser Beckoning         Tloc           4%         N/A       38%         2
 Inner Flame              Hex/Fire       7%         N/A       38%         3
 Volatile Blastmotes      Fire/Tloc      14%        2d11      38%         3
 Gell's Gravitas          Tloc           2%         N/A       63%         3
 Flame Wave               Conj/Fire      10%        2d6       67%         4


Dungeon Overview and Level Annotations

Branches:
Dungeon (2/15)

Altars:

Shops:
D:1 (([?


Innate Abilities, Weirdness & Mutations

You are immune to sickness and miasma.
Your stone body is resilient. (AC +3)
You are immune to poison.
You resist negative energy. (rN+)
You are resistant to electric shocks. (rElec)
You are resistant to unholy torment.
You are immune to petrification.


Message History

An orc comes into view.
It is wielding a +2 flail of protection.
You start putting on your amulet.
You continue putting on your amulet of magic regeneration. x5
You finish putting on your amulet of magic regeneration.
n - an amulet of magic regeneration (around neck)
An orc is nearby!
An orc wizard and 2 orcs come into view.
The orc shouts!
The orc wizard shouts!
The orc shouts!
The orc moves out of view.
The orc barely misses you.
Casting: Foxfire (safe; 10% risk of failure)
Confirm with . or Enter, or press ? or * to list all spells.
You conjure some foxfire!
A goblin comes into view. It is wielding a +0 dagger.
You block the orc's attack.
The foxfire hits the orc wizard.
The orc wizard is lightly wounded.
Casting: Foxfire (safe; 10% risk of failure)
Confirm with . or Enter, or press ? or * to list all spells.
You miscast Foxfire.
You are very lightly contaminated with residual magic.
Nothing appears to happen.
The foxfire hits the orc wizard.
The orc wizard is heavily wounded.
The orc hits you with a +0 club.
The orc hits you with a +2 flail of protection!
The orc attacks as you move away!
The orc hits you with a +2 flail of protection.
* * * LOW HITPOINT WARNING * * *
The orc wizard attacks as you move away!
The orc wizard hits you with a +0 dagger.
* * * LOW HITPOINT WARNING * * *
The orc wizard casts a spell at you. You block the puff of flame.
Okay, then.
Okay, then.
Okay, then.
As you read the scroll labelled REOM TAFIOMETO, it crumbles to dust.
It is a scroll of identify.
l - a scroll of enchant weapon The orc hits you with a +2 flail of protection!
You die...

....## ##............
#.....#### .#......~~~....
#........# ........~_~....
#........##........~~~....
#.........#...............
....g..o#.##....÷...<.....
#.....o#.##..............
.......oo..#..>..........<
########.@................
###.........##.....
##....#......####
#...#######.####
##########.....# #......#
...............# #......#
####...........###......#
##..............######
#.............##


You could see an orc wizard, 3 orcs and a goblin.

Vanquished Creatures
  2 dart slugs
  A bat (D:1)
  6 endoplasms
  A giant cockroach (D:1)
  3 goblins
  2 hobgoblins (D:1)
  3 kobolds
  4 quokkas
  3 ball pythons
  3 frilled lizards
28 creatures vanquished.

Vanquished Creatures (others)
  93 foxfires
93 creatures vanquished.

Grand Total: 121 creatures vanquished

Notes
Turn   | Place    | Note
-------+----------+-------------------------------------------
     0 | D:1      | Arctor the Gargoyle Fire Elementalist began the quest for
                  | the Orb.
     0 | D:1      | Reached XP level 1. HP: 10/10 MP: 3/3
    87 | D:1      | Reached XP level 2. HP: 15/15 MP: 0/5
   353 | D:1      | Found Pate's Antique Weapon Emporium.
   700 | D:1      | Reached XP level 3. HP: 16/19 MP: 2/6
   735 | D:1      | Found Feka Wai's Antique Weapon Emporium.
   790 | D:1      | Found Vuhonaca's Antique Armour Shop.
   970 | D:1      | Found Emaff's Magic Scroll Emporium.
  1033 | D:2      | Found a faded altar of an unknown god.
  1105 | D:2      | Learned a level 2 spell: Scorch
  1109 | D:2      | Learned a level 3 spell: Teleport Other
  1294 | D:2      | Slain by an orc

Illustrated notes

Levels and vault maps discovered:
D:1:      lordsloth_arrival_two_stooges, layout_basic, serial_shops, shop,
          nicolae_square_shop, shop, nicolae_shop_behind_doors,
          kennysheep_crisscross, minmay_pentomino_u4
D:2:      layout_rooms, hellmonk_ecumenical_altar_pennies_from_heaven

Action                     || total
---------------------------++-------
  Melee: Unarmed           ||    23
         Dagger            ||     9
  Throw: Boomerang         ||     1
   Cast: Foxfire           ||    57
    Use: Scroll            ||     3
 Armour: Robe              ||    12
  Dodge: Dodged            ||    45
  Block: Buckler           ||     4
